[Event "Gibraltar Masters 18th"]
[Site "Gibraltar"]
[Date "2020.01.23"]
[Round "3.2"]
[White "Le, Quang Liem"]
[Black "Vaibhav, Suri"]
[Result "1/2-1/2"]
[ECO "B23"]
[WhiteElo "2713"]
[BlackElo "2593"]
[PlyCount "89"]
[EventDate "2020.01.21"]
[EventType "swiss"]
[EventRounds "10"]
[EventCountry "GGB"]
[SourceTitle "BritBase"]
[Source "John Saunders"]
[SourceDate "2021.06.05"]
[SourceVersion "1"]
[SourceVersionDate "2021.06.05"]
[SourceQuality "1"]
[TimeControl "40/100:0"]
[WhiteClock "0:51:24"]
[BlackClock "0:47:18"]

1. e4 c5 2. Nc3 d6 3. d4 cxd4 4. Qxd4 Nc6 5. Qd2 g6 6. b3 Bh6 7. f4 f5 8. Bb2 Nf6 9. Bd3 Qa5 10. exf5 Bxf5 11. Nge2 O-O-O 12. O-O-O d5 13. Kb1 d4 14. Nb5 Qxd2 15. Rxd2 Bg4 16. Nbxd4 Nxd4 17. Bxd4 Rxd4 18. Nxd4 Bxf4 19. Re2 Bxe2 20. Nxe2 Be5 21. h3 Rf8 22. Rf1 Nd7 23. Rxf8+ Nxf8 24. Bc4 Kc7 25. Kc1 Nd7 26. Kd2 Nf6 27. b4 a6 28. a4 Bd6 29. c3 e5 30. a5 Bf8
31. Bb3 b6 32. axb6+ Kxb6 33. Kd3 a5 34. Kc4 axb4 35. cxb4 Nh5 36. g3 Bd6 37.
Bc2 e4 38. g4 Nf4 39. Nxf4 Bxf4 40. Bxe4 Bg3 41. b5 Bh2 42. Bd3 g5 43. Bxh7 Bg3
44. Bd3 Bh4 45. Be4 1/2-1/2

[Event "Gibraltar Masters 18th"]
[Site "Gibraltar"]
[Date "2020.01.23"]
[Round "3.3"]
[White "Kadric, Denis"]
[Black "Alekseenko, Kirill"]
[Result "1/2-1/2"]
[ECO "B23"]
[WhiteElo "2585"]
[BlackElo "2704"]
[PlyCount "149"]
[EventDate "2020.01.21"]
[EventType "swiss"]
[EventRounds "10"]
[EventCountry "GGB"]
[SourceTitle "BritBase"]
[Source "John Saunders"]
[SourceDate "2021.06.05"]
[SourceVersion "1"]
[SourceVersionDate "2021.06.05"]
[SourceQuality "1"]
[TimeControl "40/100:0"]
[WhiteClock "0:00:53"]
[BlackClock "0:04:49"]

1. e4 c5 2. Nc3 d6 3. f4 g6 4. Nf3 Bg7 5. Bb5+ Bd7 6. Bc4 Nc6 7. d3 e6 8. f5 Nf6 9. fxg6 hxg6 10. Bf4 Qb8 11. Nb5 Bf8 12. a4 a6 13. Nc3 Bg7 14. h3 Ng4 15.
O-O Nge5 16. Bg5 Qc7 17. Qd2
Nxf3+ 18. Rxf3 Qb6 19. Nd1 f5 20. Rf1 Ne5 21. a5 Qc7 22. Nc3 Nf7 23. Rae1 Bd4+
24. Kh1 Be5 25. exf5 gxf5 26. Rxf5 exf5 27. Nd5 Qc6 28. Nb6 Rb8 29. Bd5 Qc7 30. Bf6 Rg8 31. Nc4 Bc6 32. Bxe5 dxe5 33. Bxf7+ Qxf7 34. Nd6+ Kf8 35. Nxf7 Rxg2 36. Qxg2 Bxg2+ 37. Kxg2 Kxf7 38. Rxe5 Kf6 39.
Rxc5 Re8 40. Kf3 Re1 41. Rc7 Rf1+ 42. Ke2 Rh1 43. Rxb7 Rh2+ 44. Kd1 f4 45. Rb8 Rxh3 46. b4 Ke5 47. Re8+ Kf5 48. Kd2 Rh2+ 49. Kc3 f3 50. Rf8+ Kg4 51. b5 axb5 52. a6 Rh7 53. Kb4 Kg3 54.
Kxb5 f2 55. c4 Rh8 56. Rf6 Rb8+ 57. Kc5 Rb3 58. d4 Ra3 59. d5 Rf3 60. Rxf3+ Kxf3 61. a7 f1=Q 62. a8=Q Qg1+ 63. Kc6 Qg6+ 64. Kb7 Qg7+ 65. Kb6 Qg1+ 66. c5 Qb1+ 67. Kc6 Qg6+ 68. Kb7 Qh7+ 69. Kb8 Qh8+ 70. Ka7 Qa1+ 71. Kb7 Qb1+ 72. Kc8 Qf5+ 73. Kb7 Qb1+ 74. Ka7 Qa1+ 75. Kb7 1/2-1/2

[Event "Gibraltar Masters 18th"]
[Site "Gibraltar"]
[Date "2020.01.23"]
[Round "3.4"]
[White "Ivanchuk, Vassily"]
[Black "Peralta, Fernando"]
[Result "1/2-1/2"]
[ECO "C11"]
[WhiteElo "2698"]
[BlackElo "2574"]
[PlyCount "79"]
[EventDate "2020.01.21"]
[EventType "swiss"]
[EventRounds "10"]
[EventCountry "GGB"]
[SourceTitle "BritBase"]
[Source "John Saunders"]
[SourceDate "2021.06.05"]
[SourceVersion "1"]
[SourceVersionDate "2021.06.05"]
[SourceQuality "1"]
[TimeControl "40/100:0"]
[WhiteClock "1:03:50"]
[BlackClock "0:35:58"]

1. e4 e6 2. d4 d5 3. Nc3 Nf6 4. e5 Nfd7 5. f4 c5 6. Nf3 Nc6 7. Be3 a6 8. Qd2 b5 9. a3 Qa5 10. Rd1 Rb8 11. Ne2 Qxd2+ 12. Kxd2 Be7 13. g3 O-O 14. Bg2 a5 15. Ra1 Ba6 16. Rhb1 Rfc8 17. Bf1 b4 18. axb4 cxb4 19. b3 Nb6 20. Ke1 a4 21. Nc1 Bxf1 22. Kxf1 a3 23. Na2 Na8 24. Ke2 Nc7 25. Kd3 Nb5 26. Bd2 f6 27. exf6 Bxf6 28. Be3 Nd6 29. Rf1 Ne4 30.
Rae1 Na7 31. Bd2 Nxd2 32. Kxd2 Nb5 33. Rxe6 Bxd4 34. Ra6 Bb2 35. Nc1 Nc3 36. Nd3 Ne4+ 37. Kd1 Nc3+ 38. Kd2 Ne4+ 39. Kd1 Nc3+ 40. Kd2 1/2-1/2

[Event "Gibraltar Masters 18th"]
[Site "Gibraltar"]
[Date "2020.01.23"]
[Round "3.5"]
[White "Yuffa, Daniil"]
[Black "Cheparinov, Ivan"]
[Result "0-1"]
[ECO "D90"]
[WhiteElo "2566"]
[BlackElo "2686"]
[PlyCount "46"]
[EventDate "2020.01.21"]
[EventType "swiss"]
[EventRounds "10"]
[EventCountry "GGB"]
[SourceTitle "BritBase"]
[Source "John Saunders"]
[SourceDate "2021.06.05"]
[SourceVersion "1"]
[SourceVersionDate "2021.06.05"]
[SourceQuality "1"]
[TimeControl "40/100:0"]
[WhiteClock "0:42:00"]
[BlackClock "0:51:18"]

1. d4 Nf6 2. c4 g6 3. Nc3 d5 4. Nf3 Bg7 5. h4 dxc4 6. e4 c5 7. d5 b5 8. h5 O-O 9. hxg6 fxg6 10. Rh4 Ng4 11. d6 Be6 12. Rxg4 Bxg4 13. Qd5+ e6 14. Qxa8 Qd7 15. Nh2 Bh5 16. g4 Nc6 17. Qxf8+ Kxf8 18. Bf4 g5 19. Be3 Nd4 20. O-O-O Qxd6 21. gxh5 Qxh2 22. Bxd4 cxd4 23. Nxb5 Qf4+ 0-1

[Event "Gibraltar Masters 18th"]
[Site "Gibraltar"]
[Date "2020.01.23"]
[Round "3.6"]
[White "Ibarra Jerez, Jose Carlos"]
[Black "Maghsoodloo, Parham"]
[Result "1/2-1/2"]
[ECO "A07"]
[WhiteElo "2548"]
[BlackElo "2674"]
[PlyCount "30"]
[EventDate "2020.01.21"]
[EventType "swiss"]
[EventRounds "10"]
[EventCountry "GGB"]
[SourceTitle "BritBase"]
[Source "John Saunders"]
[SourceDate "2021.06.05"]
[SourceVersion "1"]
[SourceVersionDate "2021.06.05"]
[SourceQuality "1"]
[TimeControl "40/100:0"]
[WhiteClock "1:31:06"]
[BlackClock "1:34:19"]

1. Nf3 d5 2. g3 g6 3. Bg2 Bg7 4. c4 dxc4 5. Qa4+ Nc6 6. O-O e5 7. Nxe5 Bxe5 8. Bxc6+ bxc6 9. Qxc6+ Bd7 10. Qe4 f6 11. f4 Bf5 12. Qc6+ Bd7 13. Qe4 Bf5 14. Qc6+ Bd7 15. Qe4 Bf5 1/2-1/2

[Event "Gibraltar Masters 18th"]
[Site "Gibraltar"]
[Date "2020.01.23"]
[Round "3.7"]
[White "Esipenko, Andrey"]
[Black "Antipov, Mikhail Al."]
[Result "1/2-1/2"]
[ECO "D85"]
[WhiteElo "2654"]
[BlackElo "2562"]
[PlyCount "70"]
[EventDate "2020.01.21"]
[EventType "swiss"]
[EventRounds "10"]
[EventCountry "GGB"]
[SourceTitle "BritBase"]
[Source "John Saunders"]
[SourceDate "2021.06.05"]
[SourceVersion "1"]
[SourceVersionDate "2021.06.05"]
[SourceQuality "1"]
[TimeControl "40/100:0"]
[WhiteClock "0:53:30"]
[BlackClock "1:07:24"]

1. d4 Nf6 2. c4 g6 3. Nc3 d5 4. cxd5 Nxd5 5. e4 Nxc3 6. bxc3 Bg7 7. Nf3 c5 8. Be3 Qa5 9. Qd2 Nc6 10. Rb1 a6 11. Rc1 cxd4 12. cxd4 Qxd2+ 13. Kxd2 e6 14. h4 O-O 15. Bd3 h6 16. e5 Rd8 17. h5 g5 18.
Nxg5 Nxd4 19. Bh7+ Kf8 20. Nxf7 Kxf7 21. Rc7+ Kf8 22. Rd1 Nf5+ 23. Ke2 Rxd1 24. Bc5+ Ke8 25. Kxd1 Bd7 26. Bg6+ Kd8 27. Bb6 Rc8 28. Rxb7+ Ke7 29. f4 Rc4 30. g4 Nh4 31. Bf2 Nxg6
32. hxg6 Rxf4 33. Ra7 Kd8 34. Bb6+ Ke7 35. Bc5+ Kd8 1/2-1/2

[Event "Gibraltar Masters 18th"]
[Site "Gibraltar"]
[Date "2020.01.23"]
[Round "3.8"]
[White "Kaidanov, Gregory"]
[Black "Lagarde, Maxime"]
[Result "1/2-1/2"]
[ECO "A81"]
[WhiteElo "2546"]
[BlackElo "2651"]
[PlyCount "68"]
[EventDate "2020.01.21"]
[EventType "swiss"]
[EventRounds "10"]
[EventCountry "GGB"]
[SourceTitle "BritBase"]
[Source "John Saunders"]
[SourceDate "2021.06.05"]
[SourceVersion "1"]
[SourceVersionDate "2021.06.05"]
[SourceQuality "1"]
[TimeControl "40/100:0"]
[WhiteClock "0:45:02"]
[BlackClock "0:40:22"]

1. Nf3 f5 2. g3 Nf6 3. Bg2 g6 4. O-O Bg7 5. d4 O-O 6. b3 e6 7. Bb2 b6 8. Ne5 d5 9. c4 Bb7 10. Nd2 Nbd7 11. Ndf3 Ne4 12. Nd3 dxc4 13. bxc4 c5 14. e3 Qc7 15. Rc1 g5 16. Qe2 Rae8 17. Rfd1 g4 18.
Nh4 Ng5 19. f3 cxd4 20. fxg4
Bxg2 21. Qxg2 fxg4 22. exd4 e5 23. dxe5 Nxe5 24. Qd5+ Kh8 25. Bxe5 Bxe5 26. Rf1
Rxf1+ 27. Rxf1 Qd6 28. Nf5 Nf3+ 29. Kg2 Qf6 30. Nh4 Rd8 31. Qe4 Rf8 32. Qd5 Rd8
33. Qe4 Rf8 34. Qd5 Rd8 1/2-1/2

[Event "Gibraltar Masters 18th"]
[Site "Gibraltar"]
[Date "2020.01.23"]
[Round "3.9"]
[White "Werle, Jan"]
[Black "Donchenko, Alexander"]
[Result "1/2-1/2"]
[ECO "E15"]
[WhiteElo "2545"]
[BlackElo "2647"]
[PlyCount "41"]
[EventDate "2020.01.21"]
[EventType "swiss"]
[EventRounds "10"]
[EventCountry "GGB"]
[SourceTitle "BritBase"]
[Source "John Saunders"]
[SourceDate "2021.06.05"]
[SourceVersion "1"]
[SourceVersionDate "2021.06.05"]
[SourceQuality "1"]
[TimeControl "40/100:0"]
[WhiteClock "1:10:28"]
[BlackClock "0:56:25"]

1. d4 Nf6 2. c4 e6 3. Nf3 d5 4. g3 Bb4+ 5. Bd2 Be7 6. Bg2 O-O 7. O-O Nbd7 8.
Qc2 c6 9. Rd1 b6 10. Bf4 Ba6 11. b3 Rc8 12. Nc3 dxc4 13. e4 b5 14. bxc4 bxc4 15. Qa4 Bb5 16. Qc2 Ba6 17. h3 Qa5 18. Bd2 Qc7 19. Bf4 Qa5 20.
Bd2 Qc7 21. Bf4 1/2-1/2

[Event "Gibraltar Masters 18th"]
[Site "Gibraltar"]
[Date "2020.01.23"]
[Round "3.10"]
[White "Paravyan, David"]
[Black "Moroni, Luca Jr"]
[Result "1/2-1/2"]
[ECO "D36"]
[WhiteElo "2629"]
[BlackElo "2532"]
[PlyCount "97"]
[EventDate "2020.01.21"]
[EventType "swiss"]
[EventRounds "10"]
[EventCountry "GGB"]
[SourceTitle "BritBase"]
[Source "John Saunders"]
[SourceDate "2021.06.05"]
[SourceVersion "1"]
[SourceVersionDate "2021.06.05"]
[SourceQuality "1"]
[TimeControl "40/100:0"]
[WhiteClock "0:37:11"]
[BlackClock "1:12:41"]

1. c4 e6 2. Nc3 d5 3. d4 Nf6 4. Bg5 Be7 5. Nf3 O-O 6. Qc2 Nbd7 7. cxd5 exd5 8.
e3 c6 9. Bd3 Re8 10. O-O Nf8 11. h3 Nh5 12. Bxe7 Qxe7 13. Rae1 Ng6 14. e4 dxe4 15. Bxe4 Be6
16. d5 cxd5 17. Nxd5 Qd7 18. Ne5 Qd8 19. Nxg6 hxg6 20. Nc7 Rc8 21. Nxe6 Rxe6
22. Qb1 b6 23. Bb7 Rxe1 24. Rxe1 Rc7 25. Bf3 Re7 26. g3 Nf6 27. Rxe7 Qxe7 28.
Qc2 Qd7 29. Kg2 a5 30. Qc3 Qd8 31. Qe5 Kh7 32. Qf4 Qd7 33. a3 Qd8 34. h4 Qd7
35. Qc4 Kg8 36. Qc3 Kh7 37. Kf1 Qb5+ 38. Kg2 Qd7 39. Qb3 Qc7 40. Qb5 Qd6 41.
Qc4 Qd7 42. b4 axb4 43. axb4 Kg8 44. Qa6 Qd4 45. Qa8+ Kh7 46. b5 Qc5 47. Qc6
Qd4 48. Qb7 Kg8 49. Qa8+ 1/2-1/2

[Event "Gibraltar Masters 18th"]
[Site "Gibraltar"]
[Date "2020.01.23"]
[Round "3.11"]
[White "Durarbayli, Vasif"]
[Black "Kotronias, Vasilios"]
[Result "1-0"]
[ECO "B56"]
[WhiteElo "2625"]
[BlackElo "2526"]
[PlyCount "107"]
[EventDate "2020.01.21"]
[EventType "swiss"]
[EventRounds "10"]
[EventCountry "GGB"]
[SourceTitle "BritBase"]
[Source "John Saunders"]
[SourceDate "2021.06.05"]
[SourceVersion "1"]
[SourceVersionDate "2021.06.05"]
[SourceQuality "1"]
[TimeControl "40/100:0"]
[WhiteClock "1:08:24"]
[BlackClock "0:46:08"]

1. e4 c5 2. Nf3 d6 3. d4 cxd4 4. Nxd4 Nf6 5. Nc3 Nc6 6. f3 e5 7. Nb3 Be7 8. Be3 O-O 9. Qd2 a5 10. Bb5 Be6 11. O-O-O Nb4 12. Kb1 d5 13. exd5 Nbxd5 14. Nxd5 Nxd5 15. Bc4 Nxe3 16. Qxe3 Qc8 17. Bxe6 Qxe6 18. Nc1 Rad8 19. Rd3 b6 20. Re1 Bh4 21. Red1 f5 22. Ne2 Rxd3 23. Rxd3 e4 24. Rd1 Re8 25. Nc3 exf3 26. Qxf3 h6 27. a3 Kh7 28. Nd5 Bd8 29. Nf4 Qf7 30. g3 b5 31. Qd5 Qxd5 32. Rxd5 g5
33. Rd7+ Kg8 34. Nd5 Rf8 35. b4 axb4 36. axb4 h5 37. c3 h4 38. Kc2 h3 39. Kd3
f4 40. gxf4 g4 41. Ra7 Bh4 42. Ke4 Bf2 43. Ra1 Kf7 44. f5 Re8+ 45. Kf4 Rd8 46.
Ne3 g3 47. Ng4 Rd2 48. hxg3 Bb6 49. Rh1 Bc7+ 50. Ke4 Re2+ 51. Kd3 Rg2 52. Rxh3
Bxg3 53. Rh7+ Kf8 54. Nf6 1-0

[Event "Gibraltar Masters 18th"]
[Site "Gibraltar"]
[Date "2020.01.23"]
[Round "3.12"]
[White "Chigaev, Maksim"]
[Black "Hjartarson, Johann"]
[Result "1-0"]
[ECO "C54"]
[WhiteElo "2616"]
[BlackElo "2524"]
[PlyCount "51"]
[EventDate "2020.01.21"]
[EventType "swiss"]
[EventRounds "10"]
[EventCountry "GGB"]
[SourceTitle "BritBase"]
[Source "John Saunders"]
[SourceDate "2021.06.05"]
[SourceVersion "1"]
[SourceVersionDate "2021.06.05"]
[SourceQuality "1"]
[TimeControl "40/100:0"]
[WhiteClock "0:59:50"]
[BlackClock "0:47:07"]

1. e4 e5 2. Nf3 Nc6 3. Bc4 Bc5 4. c3 Nf6 5. d3 d6 6. O-O O-O 7. Re1 h6 8. Nbd2 a6 9. a4 Ba7 10. h3 Ne7 11. Nf1 Ng6 12. Ng3 Nh7 13.
d4 Qf6 14. Be3 Ng5 15. Nh2 Nf4 16. dxe5 dxe5 17. Ng4 Nfxh3+ 18. gxh3 Nxh3+ 19. Kg2 Qh4 20. Nxe5 Nf4+ 21. Bxf4 Bh3+ 22. Kf3 Rae8 23. Rh1 g5
24. Rxh3 Qxh3 25. Qh1 Qxh1+ 26. Rxh1 1-0

[Event "Gibraltar Masters 18th"]
[Site "Gibraltar"]
[Date "2020.01.23"]
[Round "3.13"]
[White "Krysa, Leandro"]
[Black "Kobalia, Mikhail"]
[Result "1-0"]
[ECO "A07"]
[WhiteElo "2522"]
[BlackElo "2609"]
[PlyCount "45"]
[EventDate "2020.01.21"]
[EventType "swiss"]
[EventRounds "10"]
[EventCountry "GGB"]
[SourceTitle "BritBase"]
[Source "John Saunders"]
[SourceDate "2021.06.05"]
[SourceVersion "1"]
[SourceVersionDate "2021.06.05"]
[SourceQuality "1"]
[TimeControl "40/100:0"]
[WhiteClock "1:09:32"]
[BlackClock "0:37:47"]

1. Nf3 d5 2. g3 Bg4 3. Bg2 c6 4. O-O Nd7 5. h3 Bh5 6. d4 e6 7. c4 Be7 8. Nc3 Ngf6 9. Ne5 Nxe5 10. dxe5 Nd7 11. cxd5 cxd5 12. Be3 f6 13. exf6 Nxf6 14. Qb3 Qd7 15. Rad1 O-O 16. Bxd5 exd5 17. Nxd5 Kh8 18. Nxf6 Qxh3 19. Nxh5 Qxh5 20. Qxb7 Bf6 21. Rc1 a5 22. b3 a4 23. bxa4 1-0

[Event "Gibraltar Masters 18th"]
[Site "Gibraltar"]
[Date "2020.01.23"]
[Round "3.14"]
[White "Yilmaz, Mustafa"]
[Black "Kozak, Adam"]
[Result "1/2-1/2"]
[ECO "D46"]
[WhiteElo "2607"]
[BlackElo "2523"]
[PlyCount "67"]
[EventDate "2020.01.21"]
[EventType "swiss"]
[EventRounds "10"]
[EventCountry "GGB"]
[SourceTitle "BritBase"]
[Source "John Saunders"]
[SourceDate "2021.06.05"]
[SourceVersion "1"]
[SourceVersionDate "2021.06.05"]
[SourceQuality "1"]
[TimeControl "40/100:0"]
[WhiteClock "0:25:13"]
[BlackClock "0:44:58"]

1. d4 Nf6 2. c4 e6 3. Nf3 d5 4. Nc3 Nbd7 5. Qc2 c6 6. e3 Bd6 7. Bd3 O-O 8. O-O dxc4 9. Bxc4 b5 10. Be2 Bb7 11. Rd1 Qb8 12. e4 e5 13. dxe5 Nxe5 14. g3 Re8 15. Bg5 Nxf3+ 16. Bxf3 Be5 17. Rac1 a6 18. Bg2 c5 19. Bxf6 Bxf6 20. Nd5 Bxd5 21. exd5 c4 22. d6 Ra7 23. Rd5 Rd7 24. Rcd1 Re5 25. R5d2 g6 26. Bh3 Rd8 27. d7 Kg7 28. Bf1 Qc7 29.
h4 Be7 30. Qc3 Bf6 31. Qc2 Be7 32. Qc3 Bf6 33. Qf3 Rf5 34. Qe4 1/2-1/2

[Event "Gibraltar Masters 18th"]
[Site "Gibraltar"]
[Date "2020.01.23"]
[Round "3.15"]
[White "Kobo, Ori"]
[Black "Karthikeyan, Murali"]
[Result "1/2-1/2"]
[ECO "C79"]
[WhiteElo "2445"]
[BlackElo "2606"]
[PlyCount "91"]
[EventDate "2020.01.21"]
[EventType "swiss"]
[EventRounds "10"]
[EventCountry "GGB"]
[SourceTitle "BritBase"]
[Source "John Saunders"]
[SourceDate "2021.06.05"]
[SourceVersion "1"]
[SourceVersionDate "2021.06.05"]
[SourceQuality "1"]
[TimeControl "40/100:0"]
[WhiteClock "0:56:18"]
[BlackClock "1:11:45"]

1. e4 e5 2. Nf3 Nc6 3. Bb5 a6 4. Ba4 Nf6 5. O-O d6 6. Bxc6+ bxc6 7. d4 exd4 8. Nxd4 c5 9. Nc6 Qd7 10. Na5 Qb5 11. Qe1 Be6 12. f3 Be7 13.
Na3 Qb4 14. Nc6 Qxe1 15. Rxe1 d5 16. Bg5 dxe4 17. fxe4 h6 18. Bh4
Bf8 19. b3 Ng4 20. h3 c4 21. Nxc4 Bc5+ 22. Kh1 g5 23. Bg3 h5 24. Re2 Bxc4 25.
bxc4 Rh6 26. Na5 h4 27. Be1 Rf6 28. Bc3 Rf2 29. Rae1 Rxe2 30. Rxe2 Nf2+ 31. Kh2
g4 32. hxg4 O-O-O 33. Nb3 Be3 34. Be1 Bf4+ 35. Kg1 Nxg4 36. Bxh4 Re8 37. Bf2 f5
38. g3 Bh6 39. e5 Rxe5 40. Rxe5 Nxe5 41. c5 f4 42. gxf4 Bxf4 43. Kf1 Kd7 44.
Ke2 Kc6 45. Bd4 Kb5 46. Bxe5 1/2-1/2

[Event "Gibraltar Masters 18th"]
[Site "Gibraltar"]
[Date "2020.01.23"]
[Round "3.16"]
[White "Basso, Pier Luigi"]
[Black "Abdumalik, Zhansaya"]
[Result "1-0"]
[ECO "A65"]
[WhiteElo "2600"]
[BlackElo "2471"]
[PlyCount "77"]
[EventDate "2020.01.21"]
[EventType "swiss"]
[EventRounds "10"]
[EventCountry "GGB"]
[SourceTitle "BritBase"]
[Source "John Saunders"]
[SourceDate "2021.06.05"]
[SourceVersion "1"]
[SourceVersionDate "2021.06.05"]
[SourceQuality "1"]
[TimeControl "40/100:0"]
[WhiteClock "0:06:18"]
[BlackClock "0:03:15"]

1. d4 Nf6 2. c4 g6 3. f3 c5 4. d5 e6 5. Nc3 d6 6. e4 exd5 7. cxd5 Bg7 8.
Nge2 O-O 9. Ng3 h5 10. Be2 Nh7 11. Be3 Qe7 12. O-O f5 13. Qd2 h4 14. Nh1 a6 15. Rae1 b5 16. exf5 gxf5 17. Nf2 Nd7 18. Kh1 Ne5 19. Nh3 Bd7 20. f4 Ng4 21. Bxc5 dxc5 22. Bxg4
Qd6 23. Bf3 b4 24. Nd1 Rad8 25. Qf2 c4 26. Qxh4 c3 27. bxc3 bxc3 28. Ne3 Bb5
29. Rg1 Qf6 30. Ng5 Nxg5 31. fxg5 Qd4 32. Qh3 Bd3 33. g6 Rf6 34. d6 Be4 35. Bxe4 Qxe4 36. Rgf1 Qd3 37. Rd1 Qe2 38. Nxf5 Kf8 39. Qxc3 1-0

[Event "Gibraltar Masters 18th"]
[Site "Gibraltar"]
[Date "2020.01.23"]
[Round "3.17"]
[White "Batsiashvili, Nino"]
[Black "Wang, Hao"]
[Result "0-1"]
[ECO "A80"]
[WhiteElo "2456"]
[BlackElo "2758"]
[PlyCount "50"]
[EventDate "2020.01.21"]
[EventType "swiss"]
[EventRounds "10"]
[EventCountry "GGB"]
[SourceTitle "BritBase"]
[Source "John Saunders"]
[SourceDate "2021.06.05"]
[SourceVersion "1"]
[SourceVersionDate "2021.06.05"]
[SourceQuality "1"]
[TimeControl "40/100:0"]
[WhiteClock "0:55:05"]
[BlackClock "0:51:07"]

1. d4 f5 2. Nf3 Nf6 3. Bg5 e6 4. Nbd2 Be7 5. Bxf6 Bxf6 6.
e4 g6 7. c3 O-O 8. Bd3 b6 9. Qe2 Bb7 10. h4 c5 11. e5 Bg7 12. h5 cxd4 13.
Nxd4 Nc6 14. Nxc6 Bxc6 15. f4 d6 16. hxg6
dxe5 17. Rxh7 Qf6 18. Qh5 Rfd8 19. Ne4 Bxe4 20. fxe5 Qe7 21. O-O-O Rxd3 22. Rh1
Rxc3+ 23. bxc3 Qa3+ 24. Kd2 Rd8+ 25. Ke3 Qxc3+ 0-1

[Event "Gibraltar Masters 18th"]
[Site "Gibraltar"]
[Date "2020.01.23"]
[Round "3.18"]
[White "Vachier-Lagrave, Maxime"]
[Black "Baron, Tal"]
[Result "1-0"]
[ECO "A37"]
[WhiteElo "2770"]
[BlackElo "2529"]
[PlyCount "77"]
[EventDate "2020.01.21"]
[EventType "swiss"]
[EventRounds "10"]
[EventCountry "GGB"]
[SourceTitle "BritBase"]
[Source "John Saunders"]
[SourceDate "2021.06.05"]
[SourceVersion "1"]
[SourceVersionDate "2021.06.05"]
[SourceQuality "1"]
[TimeControl "40/100:0"]
[WhiteClock "0:56:18"]
[BlackClock "0:54:23"]

1. c4 c5 2. g3 g6 3. Bg2 Bg7 4. Nc3 Nc6 5. Nf3 d6 6. O-O Bf5 7. h3 Nf6 8. d3 O-O 9. Be3 a6 10. Qd2 Rb8 11. Bh6 Nd4 12. Nh4 Bd7 13.
Bxg7 Kxg7 14. e3 Nf5 15. Nf3 e6 16. Ne4 Bc6 17. Qc3 e5 18.
Ned2 b5 19. b3 Kg8 20. Rfe1 Re8 21. Rad1 Qb6 22. g4 Ng7 23. d4 exd4 24. exd4 Ne4 25. Nxe4 Bxe4 26. cxb5 Bxf3 27. Rxe8+ Rxe8 28. dxc5 dxc5 29. Qxf3 axb5 30. Qc6 Qa7 31. Rd7 Re1+
32. Bf1 Qb8 33. Rc7 Ne8 34. Rc8 Qe5 35. Kg2 Kg7 36. Qxc5 Qe4+ 37. f3 Qb1 38.
Qd4+ Kh6 39. h4 1-0

[Event "Gibraltar Masters 18th"]
[Site "Gibraltar"]
[Date "2020.01.23"]
[Round "3.20"]
[White "Sadhwani, Raunak"]
[Black "Navara, David"]
[Result "1/2-1/2"]
[ECO "B90"]
[WhiteElo "2522"]
[BlackElo "2717"]
[PlyCount "61"]
[EventDate "2020.01.21"]
[EventType "swiss"]
[EventRounds "10"]
[EventCountry "GGB"]
[SourceTitle "BritBase"]
[Source "John Saunders"]
[SourceDate "2021.06.05"]
[SourceVersion "1"]
[SourceVersionDate "2021.06.05"]
[SourceQuality "1"]
[TimeControl "40/100:0"]
[WhiteClock "1:40:54"]
[BlackClock "0:53:52"]

1. e4 c5 2. Nf3 d6 3. d4 cxd4 4. Nxd4 Nf6 5. Nc3 a6 6. Be3 e5 7. Nf3 Be7 8. Bc4 O-O 9. O-O Nc6 10. Bb3 Be6 11. Qe2 Na5 12. Rfd1 Nxb3 13. axb3 Qc7 14. Bg5 Nh5 15. Nxe5 Bxg5 16. Qxh5 Bf6 17. Nf3 Bxc3 18. bxc3 Qxc3 19. Nd4 Rac8 20. Qa5 Rfd8 21. Qxc3 Rxc3 22. Rd2 Kf8 23. Ne2 Rc5 24. c4 b5 25. Rxa6 bxc4 26. bxc4 Bxc4 27. Ra1 Bxe2 28. Rxe2 Rdc8 29. f3 d5 30. exd5 Rxd5 31. Rae1 1/2-1/2

[Event "Gibraltar Masters 18th"]
[Site "Gibraltar"]
[Date "2020.01.23"]
[Round "3.21"]
[White "Flom, Gabriel"]
[Black "Matlakov, Maxim"]
[Result "1/2-1/2"]
[ECO "E36"]
[WhiteElo "2510"]
[BlackElo "2698"]
[PlyCount "92"]
[EventDate "2020.01.21"]
[EventType "swiss"]
[EventRounds "10"]
[EventCountry "GGB"]
[SourceTitle "BritBase"]
[Source "John Saunders"]
[SourceDate "2021.06.05"]
[SourceVersion "1"]
[SourceVersionDate "2021.06.05"]
[SourceQuality "1"]
[TimeControl "40/100:0"]
[WhiteClock "1:31:15"]
[BlackClock "0:11:08"]

1. d4 Nf6 2. c4 e6 3. Nc3 Bb4 4. Qc2 d5 5. a3 Bxc3+ 6. Qxc3 c5 7. dxc5 d4 8. Qg3 Nc6 9. Nf3 e5 10. b4 e4 11. Nd2 Be6 12. Bb2 O-O 13.
h4 Re8 14. e3 Nh5 15. Qg5 dxe3 16. fxe3 Qxg5 17. hxg5
Ng3 18. Rh4 a5 19. b5 Ne7 20. Rxe4 Nef5 21. Kf2 Nxe4+ 22. Nxe4 Rad8 23. g4 Bxc4
24. gxf5 Rxe4 25. Bd4 Bxf1 26. Rxf1 Rd5 27. Kf3 Re8 28. Kg4 Re4+ 29. Rf4 Re8
30. a4 Kf8 31. Kf3 Rc8 32. Ke4 Rdxc5 33. Bxc5+ Rxc5 34. Kd4 b6 35. e4 f6 36.
Rh4 Kg8 37. Rg4 Kf7 38. g6+ hxg6 39. Rxg6 Rc1 40. Rg3 Rd1+ 41. Kc4 Rd7 42. Rh3
g5 43. fxg6+ Kxg6 44. Rh8 Rd6 45. Rc8 Kf7 46. Rc6 Ke6 1/2-1/2